 Dungeon Crawl Stone Soup version 0.30.0-5-g1a98f26d00 (webtiles) character file.

Game seed: 8042696910464709325

126 zlionsfan the Insei (level 5, -5/38 HPs)
             Began as a Barachi Transmuter on May 8, 2023.
             Slain by a water moccasin (7 damage)
             ... on level 3 of the Dungeon.
             The game lasted 00:07:55 (2038 turns).

zlionsfan the Insei (Barachi Transmuter)            Turns: 2038, Time: 00:07:56

Health: -5/38      AC:  2    Str: 13    XL:     5   Next: 10%
Magic:  8/9        EV: 12    Int: 13    God:
Gold:   15         SH:  0    Dex: 13    Spells: 6/9 levels left

rFire   . .          .
                       - Unarmed
rCold   . . .        g - orb {light}
rNeg    . . .        a - +0 robe
rPois   .            (helmet currently unavailable)
rElec   .            (no cloak)
rCorr   .            (no gloves)
SInv    .            (boots currently unavailable)
Will    .....        (no amulet)
Stlth   +            (no ring)
HPRegen 0.26/turn    (no ring)
MPRegen 0.11/turn

%: no passive effects
@: lethally poisoned (-5 -> -7), appendages, glowing, invisible (but backlit and
visible), slow
A: horns 2, talons 2, amphibious, slowness 1, strong legs 1, +LOS
a: Hop, End Transformation


You were on level 3 of the Dungeon.
You had temporarily grown beastly horns and talons.
You visited 1 branch of the dungeon, and saw 3 of its levels.

You collected 45 gold pieces.
You spent 30 gold pieces at shops.

Inventory:

Missiles
 i - 3 atropa-tipped darts
Armour
 a - a +0 robe (worn)
 g - an orb of light (worn)
Scrolls
 e - a scroll of identify
 f - a scroll of brand weapon
Potions
 b - 2 potions of lignification
 c - a potion of attraction {unknown}
 d - a potion of flight {unknown}
 h - a potion of might {unknown}
 k - a potion of haste {unknown}


   Skills:
 * Level 2.0 Fighting
 + Level 2.7 Dodging
 + Level 0.2 Stealth
 * Level 4.7 Unarmed Combat
 + Level 2.8 Spellcasting
 * Level 3.2 Transmutations


You had 6 spell levels left.
You knew the following spells:

 Your Spells              Type           Power      Damage    Failure   Level
a - Beastly Appendage     Tmut           20%        N/A       6%          1
b - Wereblood             Tmut           10%        N/A       10%         2

Your spell library contained the following spells:

 Spells                   Type           Power      Damage    Failure   Level
 Spider Form              Tmut/Pois      6%         N/A       34%         3
 Ice Form                 Ice/Tmut       6%         N/A       75%         4


Dungeon Overview and Level Annotations

Branches:
Dungeon (3/15)

Altars:

Shops:
D:2 *


Innate Abilities, Weirdness & Mutations

You have temporarily grown beastly horns and talons.
You are amphibious.
You cover ground slowly.
You can hop short distances.
You have an extended range of vision and can be seen from far away.


Message History

You hear a loud clanging noise!
It was a scroll of noise.
The jackal barks!
You hear a bark! x2; You hear a shout! x2
The water moccasin bites you.
Casting: Beastly Appendage (safe; 6% risk of failure)
Confirm with . or Enter, or press ? or * to list all spells.
You grow a pair of large bovine horns.
Your feet morph into talons.
The water moccasin bites you!
You are poisoned.
The water moccasin poisons you!
You hit the jackal.
The jackal is moderately wounded.
You feel sick.
A jackal comes into view.
The water moccasin closely misses you. The jackal barely misses you.
The water moccasin bites you.
You hit the jackal. You claw the jackal.
The jackal is almost dead.
You feel sick.
The jackal bites you but does no damage.
The water moccasin misses you.
You closely miss the water moccasin. You headbutt the water moccasin!
The water moccasin is moderately wounded.
You feel sick. The water moccasin barely misses you.
You hit the jackal but do no damage. You claw the jackal.
You kill the jackal!
You feel sick. The water moccasin bites you!
A jackal comes into view.
The jackal bites you.
* * * LOW HITPOINT WARNING * * *
It was a potion of invisibility.
You become transparent, but the glow from your halo prevents you from becoming completely invisible.
You feel sick. The water moccasin bites you.
* * * LOW HITPOINT WARNING * * *
The jackal barely misses you. The water moccasin bites you.
* * * LOW HITPOINT WARNING * * *
The jackal attacks as you move away! The jackal completely misses you.
* * * LOW HITPOINT WARNING * * *
You feel sick. The water moccasin bites you!
You die...

.. # #### .. . #~8#
###.##. ####~~# ..
...##..~~##
###.##.#~...~#.~#
.....h~'~~~~~#...
#.#.##.hSh~._#~~.
#.##.'@~~~~#...
#..#.#~...~#.~#
#....~~~...##~##
#.##..####~~#..
#.###.~.~#~8#.#########
#.......~####..........
########.~....#########
..........#####
###########


You could see a water moccasin and 3 jackals.

Vanquished Creatures
  A scorpion (D:3)
  A worm (D:2)
  A dart slug (D:1)
  5 ball pythons
  8 bats
  7 endoplasms
  4 giant cockroaches
  6 goblins
  6 hobgoblins
  4 jackals
  5 quokkas
  2 frilled lizards (D:1)
  4 rats
  A spectral goblin (D:3)
55 creatures vanquished.

Notes
Turn   | Place    | Note
-------+----------+-------------------------------------------
     0 | D:1      | zlionsfan the Barachi Transmuter began the quest for the
                  | Orb.
     0 | D:1      | Reached XP level 1. HP: 15/15 MP: 3/3
    83 | D:1      | Reached XP level 2. HP: 21/21 MP: 3/5
   457 | D:1      | Reached XP level 3. HP: 26/26 MP: 4/6
   460 | D:1      | Learned a level 2 spell: Wereblood
   481 | D:1      | Reached skill level 4 in Unarmed Combat
  1376 | D:2      | Reached XP level 4. HP: 32/32 MP: 5/7
  1695 | D:2      | Found Mogyoty's General Store.
  1704 | D:2      | Bought a potion of curing for 30 gold pieces
  1846 | D:3      | Noticed a scorpion
  1857 | D:3      | Killed a scorpion
  1858 | D:3      | Reached XP level 5. HP: 18/38 MP: 7/9
  2013 | D:3      | Found a faded altar of an unknown god.
  2028 | D:3      | Noticed a water moccasin
  2038 | D:3      | Slain by a water moccasin

Illustrated notes

Levels and vault maps discovered:
D:1:      minmay_arrival_diagonal_passages, layout_loops_corners,
          hangedman_abyss_or_decor_lesser_grid
D:2:      layout_loops_ring, serial_shops, nicolae_shop_waterfront
D:3:      corexii_shack_village, layout_basic,
          dreamdust_ecumenical_altar_drowned_temple,
          chequers_serial_rivers_micro_c, kennysheep_jessica_study

Skill      XL: |  1  2  3  4  5 |
---------------+----------------+-----
Unarmed Combat | 4 |  4.7
Transmutations | 3 |  3.2
Fighting       | 2 |  2.0
Dodging        | |  2.7
Stealth        | |  0.2
Spellcasting   | |  2.8

Action                     |  1- 3 |  4- 6 || total
---------------------------+-------+-------++-------
  Melee: Unarmed           |   105 |    30 ||   135
         Kick              |    16 |    11 ||    27
         Headbutt          |    10 |     4 ||    14
   Cast: Beastly Appendage |    27 |     7 ||    34
    Use: Potion            |       |     2 ||     2
         Scroll            |       |     2 ||     2
 Armour: Robe              |    23 |     4 ||    27
  Dodge: Dodged            |    78 |    25 ||   103
